[Event "Late-Titled-Tuesday-Blitz-September-26-2023"]
[Site "Chess.com"]
[Date "2023.09.26"]
[Round "9"]
[White "Garmendiarov"]
[Black "Eloist"]
[Result "1-0"]
[WhiteElo "2313"]
[BlackElo "2453"]
[TimeControl "180+1"]
[EndTime "15:42:01 PDT"]
[Termination "Garmendiarov won by resignation"]

1. e4 e6 2. d4 d5 3. Nc3 Nf6 4. e5 Nfd7 5. f4 c5 6. Nf3 Nc6 7. Be3 a6 8. a3 b5 9. dxc5 Bxc5 10. Bxc5 Nxc5 11. b4 Nd7 12. Bd3 O-O 13. Bxh7+ Kxh7 14. Ng5+ Kh6 15. Qg4 Ndxe5 16. Qh4+ Kg6 17. Qh7+ Kf6 18. fxe5+ Nxe5 19. O-O+ Ke7 20. Rae1 Kd6 21. Qxg7 f6 22. Nce4+ dxe4 23. Nxe4+ Kc6 24. Rd1 Qb6+ 25. Kh1 Nd7 26. Rd6+ Kc7 27. Rxb6 Kxb6 28. Nxf6 Rxf6 29. Rxf6 Nxf6 30.
Qxf6 Bd7 31. Qf2+ Kb7 32. Qf3+ Bc6 33. Qf7+ Kb6 34. h4 e5 35. Qf2+ Kb7 36. Qc5 Re8 37.
Qe3 e4 38. Kh2 Re7 39. g4 Rf7 40. Qg5 Rf2+ 41. Kg3 Rf3+ 42. Kh2 e3 43. Qe7+ Kb6 44. g5 Rf2+ 45. Kg3 Rf3+ 46. Kh2 Rf2+ 47. Kg3 Rf3+ 48. Kg4 e2 49. Qxe2 Rc3 50. Qf2+ Kb7 51. Kh5 Be4 52. Kh6 Rxc2 53. Qf7+ Rc7 54. Qf6 Rc6 55. Kg7 Rxf6 56.
gxf6 Bd5 57. f7 Bxf7 58. Kxf7 Kc6 59. h5 Kd5 60. h6 Kc4 61. h7 Kb3 62. h8=Q Kxa3 63.
Qh4 1-0

[Event "Late-Titled-Tuesday-Blitz-September-26-2023"]
[Site "Chess.com"]
[Date "2023.09.26"]
[Round "9"]
[White "IlanSchnaider"]
[Black "sergeikim"]
[Result "1/2-1/2"]
[WhiteElo "2797"]
[BlackElo "2609"]
[TimeControl "180+1"]
[EndTime "15:42:11 PDT"]
[Termination "Game drawn by repetition"]

1. e4 e5 2. Nf3 Nc6 3. d4 exd4 4.
Nxd4 Bc5 5. Nb3 Bb6 6. Nc3 Nf6 7. Bg5 h6 8. Bh4 g5 9. Bg3 d6 10. Qe2 Be6 11. O-O-O Qe7 12. h4 O-O-O 13. f3 Nh5 14. Bf2 Nf4 15. Qd2 d5 16. Bxb6 axb6 17. exd5 Nxd5 18. Nxd5 Rxd5 19. Bd3 Nb4 20. Kb1 Nxd3 21. cxd3 Rhd8 22. d4 R5d7 23. Rhe1 Qf6 24. hxg5 hxg5 25. Qc3 Bxb3 26. Qxb3 Rxd4 27. Rc1 Rd2 28. Re3 Kb8 29. Rec3 c5 30. g4 R8d4 31. Qb5 Qe6 32. a3 Rd1 33. Rc2 Qd5 34. Qe8+ Ka7 35. Qb5 Rxc1+ 36. Rxc1 Qxf3 37. Ka1 Qd3 38. Qe8 Qd2 39. Rb1 Rf4 40. Qe7 Ra4 41.
Qxf7 Rxg4 42. Qe8 Rd4 43. Qb5 Qa5 44. Qe8 Rd3 45. Qg8 g4 46. Rg1 Rd4 47. Qg5 Qd2 48.
Qg8 Qf2 49. Rb1 Qc2 50. Qg5 Qc4 51. Qg6 Qa4 52. Qg8 Rc4 53. Rg1 Rd4 54. Rb1 Qc4 55.
Qg7 Qd5 56. Qg6 Qc4 57. Qe8 Qa4 58. Qe2 Qc4 59. Qf2 Qa4 60. Qe2 Qc4 61. Qf2 Qa4 62. Qe2 1/2-1/2

[Event "Late-Titled-Tuesday-Blitz-September-26-2023"]
[Site "Chess.com"]
[Date "2023.09.26"]
[Round "9"]
[White "jk13"]
[Black "DvaHrasta"]
[Result "1/2-1/2"]
[WhiteElo "2620"]
[BlackElo "2514"]
[TimeControl "180+1"]
[EndTime "15:42:14 PDT"]
[Termination "Game drawn - insufficient material"]

1. e4 c6 2. Nc3 d5 3. Nf3 Nf6 4. e5 Ne4 5. Ne2 Qb6 6. d4 Bg4 7. Nfg1 Bxe2 8. Nxe2 f6 9. f3 Ng5 10. f4 Ne4 11. Ng3 Nd7 12. Nxe4 dxe4 13. c3 e6 14. Bc4 c5 15. d5 O-O-O 16. Qg4 f5 17. Qd1 exd5 18.
Qxd5 Kb8 19. Qe6 g6 20. Be3 Qxb2 21. O-O Qxc3 22. Rfe1 Nb6 23. Rac1 Qa3 24. Bb3 c4 25.
Bxc4 Bc5 26. Bxc5 Qxc5+ 27. Kh1 Qf2 28. Bf1 Qxf4 29. Qe7 Rhe8 30. Qc7+ Ka8 31. Rc5 Rc8 32. Qd6 Rxc5 33. Qxc5 Qxe5 34. Qb4 f4 35. a4 f3 36.
a5 Nd5 37. Qc5 f2 38. Qxf2 e3 39. Qc2 a6 40. Be2 Nf4 41. Bf3 e2 42. Qd2 Re7 43. g3 Ne6 44. Rxe2 Qa1+ 45. Kg2 Qa3 46. Qe1 Ka7 47. Rxe6 Rxe6 48. Qxe6 Qxa5 49. Qe3+ Qb6 50.
Qxb6+ Kxb6 51. Kf2 a5 52. Ke3 Ka6 53. Kd4 b5 54. Kc5 b4 55. Bc6 Ka7 56. Ba4 Ka6 57. h4 Kb7 58. Kb5 Kc7 59. Kxa5 Kd6 60. Kxb4 Ke5 61. Bc2 Kd4 62. g4 Ke3 63. g5 Kf4 64. Kc5 Kg4 65. Kd4 Kxh4 66. Ke5 Kxg5 67. Be4 h5 68.
Kd4 h4 69. Ke3 Kg4 70. Bxg6 h3 71. Be4 Kg3 72. Ke2 Kh2 73. Ke3 Kg1 74. Ke2 h2 75. Ke3 h1=Q 76. Bxh1 1/2-1/2

[Event "Late-Titled-Tuesday-Blitz-September-26-2023"]
[Site "Chess.com"]
[Date "2023.09.26"]
[Round "9"]
[White "Kombinator01"]
[Black "Nf3c5"]
[Result "1-0"]
[WhiteElo "2453"]
[BlackElo "2589"]
[TimeControl "180+1"]
[EndTime "15:42:20 PDT"]
[Termination "Kombinator01 won by checkmate"]

1. d4 Nf6 2. Bf4 d5 3. e3 c5 4. Nd2 Nc6 5. Ngf3 Bg4 6. h3 Bf5 7. dxc5 e6 8. Nb3 Ne4 9. Bd3 Bg6 10. Bxe4 Bxe4 11. O-O a5 12. a4 Be7 13. Qe2 O-O 14. Rfd1 b6 15. Qb5 Bxc2 16. Qxc6 Bxb3 17. cxb6 Bxd1 18. Rxd1 Rc8 19. Bc7 Qe8 20. Qxe8 Rfxe8 21.
Nd4 Bd8 22. b7 Bxc7 23. bxc8=Q Rxc8 24. Nb5 Be5 25. b3 g5 26. g3 h5 27. f4 gxf4 28. gxf4 Bf6 29. Kf2 Rc2+ 30. Kf3 Rb2 31. Rd3 Kf8 32. e4 dxe4+ 33. Kxe4 h4 34. Nd6 Rb1 35. Nc4 Re1+ 36. Re3 Rxe3+ 37. Kxe3 Bc3 38. Kf3 f5 39. Ne3 Ke7 40. Ng2 Bf6 41. Ke3 Kd6 42. Kd3 Kc5 43. Kc2 Kb4 44. Ne3 Be7 45. Ng2 Bf6 46. Ne3 Bd8 47. Ng2 Bc7 48. Kb2 Bd6 49. Kc2 Bc7 50. Kb2 Kc5 51. Kc3 Kd5 52. b4 axb4+ 53. Kxb4 Ke4 54.
a5 Kf3 55. Nxh4+ Kxf4 56. a6 Bb6 57. Ng6+ Kg5 58. Kb5 Bg1 59. Ne5 Bd4 60. Nf3+ Kf4 61. Nxd4 Ke4 62. Nxe6 Ke5 63. Ng5 Kf6 64. h4 Kg6 65. a7 Kh5 66. a8=Q Kxh4 67. Qh1+ Kxg5 68. Qf1 Kg4 69. Kc4 f4 70. Kd3 Kg3 71. Kd2 f3 72. Kd1 Kf4 73. Ke1 Ke4 74. Kf2 Kf4 75. Qe1 Kg4 76.
Qe3 Kh3 77. Qxf3+ Kh2 78. Qg4 Kh1 79. Qg2# 1-0

[Event "Late-Titled-Tuesday-Blitz-September-26-2023"]
[Site "Chess.com"]
[Date "2023.09.26"]
[Round "9"]
[White "Hikaru"]
[Black "mitrabhaa"]
[Result "0-1"]
[WhiteElo "3162"]
[BlackElo "2852"]
[TimeControl "180+1"]
[EndTime "15:42:21 PDT"]
[Termination "mitrabhaa won by resignation"]

1. Nf3 Nf6 2. e3 d5 3. c4 e6 4. b3 Bd6 5. Bb2 O-O 6. g3 b6 7. Bg2 Bb7 8. O-O Nbd7 9. d3 a6 10.
Qe2 Qe7 11. Nc3 c5 12. Rfd1 Rfd8 13. Rac1 Rac8 14. Nh4 Bb8 15. cxd5 exd5 16. d4 Qe6 17. dxc5 bxc5 18. Nf3 h6 19. Qf1 Qe7 20. Na4 Re8 21. Ne1 Ne4 22. Nd3 Bd6 23. Nc3 Nef6 24. Ne2 Ba8 25.
Ndf4 Nb6 26. Bxf6 Qxf6 27. Nxd5 Bxd5 28. Bxd5 a5 29. Bg2 Be5 30. Qe1 a4 31. Qa5 axb3 32.
axb3 c4 33. bxc4 Nxc4 34. Qb5 Nd6 35. Rxc8 Rxc8 36. Qd5 Rc2 37. Qa8+ Rc8 38. Qa6 Rd8 39. Qa4 Qe7 40. h4 Nf5 41. Rxd8+ Qxd8 42. Qe4 Qf6 43. Qa8+ Kh7 44. Be4 g6 45. h5 Kg7 46. hxg6 fxg6 47.
Qd5 Ne7 48. Qb7 h5 49. Bg2 h4 50. g4 g5 51. Be4 Bd6 52. Qd7 Qa1+ 53. Kg2 Qe5 54. Bb7 h3+ 55. Kf3 Qf6+ 56. Ke4 Qg6+ 57.
Kd4 h2 58. Bg2 Qf6+ 59. Kd3 Kf8 60. Nd4 Qxf2 61. Qd8+ Kf7 62. Qxd6 Qxg2 63. Qe6+ Kf8 64. Qf6+ Ke8 65. Qh8+ Kd7 66. Nf3 Qf1+ 67. Kd4 Qa1+ 0-1

[Event "Late-Titled-Tuesday-Blitz-September-26-2023"]
[Site "Chess.com"]
[Date "2023.09.26"]
[Round "9"]
[White "PapaieDudu"]
[Black "2k28Lakers"]
[Result "0-1"]
[WhiteElo "2405"]
[BlackElo "2565"]
[TimeControl "180+1"]
[EndTime "15:42:25 PDT"]
[Termination "2k28Lakers won by resignation"]

1. e4 a6 2. d4 h6 3. Nf3 e6 4. c4 d5 5. cxd5 exd5 6. exd5 Nf6 7. Nc3 Bb4 8. Bd3 O-O 9. O-O Nxd5 10. Ne4 Nc6 11. Bb1 Bf5 12. Qc2 Re8 13. Nf6+ Qxf6 14. Qxf5 Qxf5 15. Bxf5 Rad8 16. a3 Bf8 17. Rd1 g6 18.
Bc2 Bg7 19. Bb3 Nxd4 20. Nxd4 Bxd4 21. Bxh6 c5 22. Kf1 b5 23. a4 Nb4 24. Rac1 c4 25.
Bxc4 Bxb2 26. Rxd8 Rxd8 27. Rb1 bxc4 28. Rxb2 a5 29. Bd2 Nc6 30. Rc2 Rd4 31. Bc3 Rd3 32. Be1 Rd4 33. Bc3 Rd1+ 34. Ke2 Rb1 35. Bf6 Rb4 36.
Ra2 Kf8 37. Bc3 Rb3 38. Rc2 Ke8 39. Bf6 Rb4 40. Ra2 Kd7 41. Kd2 Ke6 42. Bc3 Rb3 43. Rc2 Kd5 44. Rc1 Nb4 45. Ke3 Na2 46. Rd1+ Kc6 47. Rd2 Nxc3 48. Kd4 Nb1 49. Rc2 Na3 50. Rc1 Rd3+ 51. Ke4 Kc5 52. g4 g5 53. h4 gxh4 54.
f4 Rg3 55. Kf5 c3 56. Rh1 c2 57. g5 h3 58. Kf6 h2 59. f5 Rg1 60. Rxh2 c1=Q 61.
g6 fxg6 62. fxg6 Qc3+ 63. Kf7 Qf3+ 64. Kg8 Rxg6+ 65. Kh8 Qf8+ 0-1

[Event "Late-Titled-Tuesday-Blitz-September-26-2023"]
[Site "Chess.com"]
[Date "2023.09.26"]
[Round "9"]
[White "Orest_Vovk"]
[Black "RCone"]
[Result "1/2-1/2"]
[WhiteElo "2579"]
[BlackElo "2434"]
[TimeControl "180+1"]
[EndTime "15:42:55 PDT"]
[Termination "Game drawn by repetition"]

1. h4 h5 2. Nf3 g6 3. Ng5 Bg7 4. e4 e6 5. d4 d5 6. e5 c5 7. c3 Nc6 8. Be3 cxd4 9. cxd4 Qb6 10. Qb3 Nh6 11. Qxb6 axb6 12. Nc3 Nf5 13. Nb5 Ke7 14. a3 Bd7 15. O-O-O Rhc8 16. Nd6 Nxd6 17. exd6+ Kxd6 18. Nxf7+ Ke7 19. Ng5 Nxd4+ 20. Kb1 Nb5 21. Bxb5 Bxb5 22. Bxb6 Rc6 23. Bd4 Bxd4 24. Rxd4 Rf8 25. f3 Rc4 26. Rxc4 Bxc4 27. Kc1 Bb3 28. Kd2 Rc8 29. Re1 Rc6 30. g3 Kf6 31. f4 Rc2+ 32. Kd3 Rc6 33. Re5 Bc2+ 34. Ke3 Bf5 35. Kf2 Rc2+ 36. Re2 Rxe2+ 37. Kxe2 e5 38. b4 d4 39. fxe5+ Kxe5 40. a4 Bd7 41.
b5 Bf5 42. Kd2 Kd5 43. a5 Kc5 44. a6 bxa6 45. bxa6 Kb6 46. Nf3 Kxa6 47. Nxd4 Bg4 48. Ke3 Kb6 49. Ke4 Kc5 50. Ke5 Kc4 51. Ne6 Kd3 52.
Nf8 Bf5 53. Kf4 Ke2 54. Nh7 Kf2 55. Ng5 Bd7 56. Nf7 Bf5 57. Nd6 Bc2 58. Nc4 Kg1 59.
Ne3 Bd3 60. g4 hxg4 61. Kxg4 Kh2 62. Kg5 Kh3 63. Nd5 Bb1 64. Ne7 Bc2 65. Ng8 Bb1 66. Nf6 Bc2 67. Nd5 Bb1 68. Nf4+ Kg3 69. Ne2+ Kf3 70.
Nc3 Bc2 71. Nb5 Kg3 72. Nd4 Bb1 73. Nb3 Kh3 74. Nd2 Bc2 75. Nf3 Bb1 76. Nd4 Bd3 77. Ne6 Bb1 78. Nf4+ Kg3 79. Ne2+ Kh3 80. Nc3 Bc2 81.
Nd5 Bb1 1/2-1/2

[Event "Late-Titled-Tuesday-Blitz-September-26-2023"]
[Site "Chess.com"]
[Date "2023.09.26"]
[Round "9"]
[White "Iball95"]
[Black "korason34"]
[Result "1-0"]
[WhiteElo "2759"]
[BlackElo "2652"]
[TimeControl "180+1"]
[EndTime "15:42:58 PDT"]
[Termination "Iball95 won by checkmate"]

1. e4 c5 2. Nf3 d6 3. Nc3 a6 4. d4 cxd4 5. Qxd4 Nc6 6. Qd3 Nf6 7.
Nd5 Nd7 8. c4 e6 9. Nc3 Be7 10.
Be3 O-O 11. Be2 b6 12. O-O Bb7 13. Rac1 Rc8 14. Rfd1 Re8 15. b3 h6 16. h3 Bf8 17. Bf4 Nde5 18. Qd2 Nxf3+ 19. Bxf3 Ne5 20. Be2 Qf6 21. Be3 Nd7 22. f4 Nc5 23. Bf3 Qg6 24.
Re1 b5 25. cxb5 axb5 26. f5 exf5 27. exf5 Qxf5 28. Bxb7 Nxb7 29. Qd5 Qxd5 30. Nxd5 Rxc1 31. Rxc1 Re5 32. Rd1 Nc5 33. Kf2 Ne4+ 34. Kf3 Nc5 35. Bxc5 dxc5 36. a4 bxa4 37. bxa4 Re6 38. Ra1 Ra6 39.
Ke4 Bd6 40. Kd3 Be5 41. Ra2 Ra5 42. Kc4 Bd4 43. Ne7+ Kf8 44. Nc6 Ra6 45. Nxd4 cxd4 46. Kxd4 Ke7 47. Kc5 Kd7 48. a5 Kc7 49. Kb5 Rf6 50. Re2 Rf5+ 51. Kb4 Kb7 52. Rc2 h5 53. Rc5 Rf4+ 54. Rc4 Rf2 55. g3 Rg2 56. Rc3 Rb2+ 57. Ka4 Ra2+ 58. Kb5 Rb2+ 59. Ka4 Rh2 60. h4 Ka6 61.
Rc6+ Kb7 62. Rd6 Kc7 63. Rd5 Rf2 64. Rxh5 Rf3 65. Rg5 g6 66. Kb5 Kb7 67. Kc5 Rf6 68. g4 Ra6 69. Kd4 Kc7 70. h5 gxh5 71. gxh5 Rd6+ 72.
Rd5 Rh6 73. Kc5 Ra6 74. Kb5 Rf6 75. a6 Rf1 76. Rc5+ Kb8 77. Kb6 Rf6+ 78. Rc6 Rf1 79. a7+ Ka8 80. Rc8# 1-0

[Event "Late-Titled-Tuesday-Blitz-September-26-2023"]
[Site "Chess.com"]
[Date "2023.09.26"]
[Round "9"]
[White "YouShallNotPass001"]
[Black "Saif_Malek04"]
[Result "1-0"]
[WhiteElo "2375"]
[BlackElo "2566"]
[TimeControl "180+1"]
[EndTime "15:43:05 PDT"]
[Termination "YouShallNotPass001 won by checkmate"]

1. Nf3 c6 2. e3 d6 3. Be2 Nd7 4. O-O Ngf6 5. d4 g6 6. c4 Bg7 7. Nc3 O-O 8. b4 Qc7 9. a4 e5 10. b5 c5 11. dxe5 dxe5 12. Bb2 Rd8 13. Qc2 Nf8 14.
Rfd1 Bg4 15. h3 e4 16. hxg4 exf3 17. Bxf3 g5 18. Nd5 Nxd5 19. Rxd5 Rxd5 20. Bxd5 Ng6 21. Bxg7 Kxg7 22. Qf5 h6 23. Qe4 Rb8 24. a5 Ne5 25.
b6 axb6 26. axb6 Qd6 27. g3 Qf6 28. Ra7 Ng6 29. Qf5 Qxb6 30. Qxf7+ Kh8 31. Rxb7 Rxb7 32. Qxb7 Qxb7 33. Bxb7 Ne5 34. Bd5 Nxg4 35. Kg2 Kg7 36. Kf3 Ne5+ 37. Ke4 Nd7 38. Bc6 Nb6 39. Bb5 Kf6 40. f4 g4 41. Kd3 h5 42.
e4 Ke6 43. Ke3 Nc8 44. e5 Ne7 45. Ke4 Nc8 46. f5+ Kf7 47. Kf4 Ne7 48. Kg5 h4 49. Kxh4 Nxf5+ 50. Kxg4 Nd4 51. Kf4 Ke6 52. Ba6 Ne2+ 53.
Kf3 Nd4+ 54. Ke4 Ne2 55. g4 Ng3+ 56. Kf4 Ne2+ 57. Ke3 Nd4 58. Ke4 Ne2 59. Bc8+ Ke7 60. Bf5 Nc3+ 61. Kd3 Na4 62. Ke4 Nb6 63. Kd3 Kf7 64. g5 Kg7 65. g6 Na4 66. Kc2 Nb6 67. Kb3 Kf8 68. Kc3 Ke7 69. Kd3 Kf8 70. Be6 Kg7 71.
Bf7 Nc8 72. Ke4 Ne7 73. e6 Kf6 74. Kf4 Kg7 75. Ke5 Nc8 76. Kd5 Ne7+ 77. Kxc5 Nf5 78.
Kd5 Ne7+ 79. Kd6 Nf5+ 80. Kd7 Ne7 81. Kxe7 Kh8 82. Kd7 Kg7 83. e7 Kh8 84. c5 Kg7 85. c6 Kh6 86. e8=Q Kg7 87. Qg8+ Kh6 88. g7 Kg5 89.
Qh8 Kf6 90. g8=Q+ Kf5 91. Qg6+ Kf4 92. Qh4+ Kf3 93. Qgg3+ Ke2 94. Qhh2+ Kf1 95. Qgg1# 1-0

[Event "Late-Titled-Tuesday-Blitz-September-26-2023"]
[Site "Chess.com"]
[Date "2023.09.26"]
[Round "10"]
[White "korason34"]
[Black "Kombinator01"]
[Result "0-1"]
[WhiteElo "2640"]
[BlackElo "2465"]
[TimeControl "180+1"]
[EndTime "15:44:30 PDT"]
[Termination "Kombinator01 won by resignation"]

1. Nf3 Nf6 2. c4 e6 3. Nc3 d5 4.
d4 Nbd7 5. cxd5 exd5 6. Bg5 h6 7. Bh4 Bb4 8. Qc2 c6 9. e3 g5 10. Bd3 gxh4 0-1

[Event "Late-Titled-Tuesday-Blitz-September-26-2023"]
[Site "Chess.com"]
[Date "2023.09.26"]
[Round "10"]
[White "TigrVShlyape"]
[Black "PepeCuenca"]
[Result "1/2-1/2"]
[WhiteElo "2953"]
[BlackElo "2700"]
[TimeControl "180+1"]
[EndTime "15:45:42 PDT"]
[Termination "Game drawn by agreement"]

1. e4 d6 2. d4 Nf6 3. Nc3 e5 4. dxe5 dxe5 5. Qxd8+ Kxd8 6. Bc4 Bb4 7. Bd2 Ke7 8. Nf3 Nbd7 9. Nd5+ Nxd5 10. Bxd5 Bxd2+ 11. Kxd2 c6 12. Bb3 f6 13. Ke3 Nc5 14. Rhd1 Bg4 15.
h3 Bxf3 16. Kxf3 Rhd8 17. Ke3 Rxd1 18. Rxd1 Nxb3 19. axb3 Rd8 20. Rxd8 Kxd8 1/2-1/2

[Event "Late-Titled-Tuesday-Blitz-September-26-2023"]
[Site "Chess.com"]
[Date "2023.09.26"]
[Round "10"]
[White "Inepton_Fermion"]
[Black "LeninGuerra"]
[Result "0-1"]
[WhiteElo "2362"]
[BlackElo "2529"]
[TimeControl "180+1"]
[EndTime "15:46:40 PDT"]
[Termination "LeninGuerra won by resignation"]

1. Nf3 Nf6 2. b3 e6 3. Bb2 c5 4. c4 Be7 5. g3 b6 6. Bg2 Bb7 7.
O-O O-O 8. Nc3 a6 9. d4 cxd4 10. Qxd4 d6 11. Rad1 Nbd7 12. e4 Qc7 13. Rfe1 Ne5 14.
Qe3 Rac8 15. Nd4 Qb8 16. h3 Nc6 17. Nde2 Rfd8 18. Kh2 Ne5 19. f4 Neg4+ 0-1

[Event "Late-Titled-Tuesday-Blitz-September-26-2023"]
[Site "Chess.com"]
[Date "2023.09.26"]
[Round "10"]
[White "RCone"]
[Black "Zavgorodniy_Sergiy"]
[Result "0-1"]
[WhiteElo "2429"]
[BlackElo "2590"]
[TimeControl "180+1"]
[EndTime "15:46:42 PDT"]
[Termination "Zavgorodniy_Sergiy won by checkmate"]

1. e4 c6 2. d4 d5 3. e5 Bf5 4. h4 h5 5. Bg5 Qb6 6. Bd3 Bxd3 7.
Qxd3 e6 8. Nd2 Qa6 9. c4 Bb4 10. b3 Nd7 11. Ne2 Ne7 12. Bxe7 Bxe7 13. Qg3 g6 14.
Nf4 dxc4 15. Nxc4 Bb4+ 16. Kf1 Nb6 17. Rc1 O-O-O 18. a4 Rxd4 19. Ne2 Rd5 20. Qf4 Nxc4 21. Rxc4 Rd1# 0-1

[Event "Late-Titled-Tuesday-Blitz-September-26-2023"]
[Site "Chess.com"]
[Date "2023.09.26"]
[Round "10"]
[White "NigelDwarf"]
[Black "Garmendiarov"]
[Result "1-0"]
[WhiteElo "2522"]
[BlackElo "2309"]
[TimeControl "180+1"]
[EndTime "15:47:10 PDT"]
[Termination "NigelDwarf won by resignation"]

1. b3 Nf6 2. Bb2 g6 3. g4 Bg7 4.
g5 Nh5 5. Bxg7 Nxg7 6. e4 e5 7.
d4 Qxg5 8. Nf3 Qf4 9. dxe5 Qxe4+ 10. Be2 Nc6 11. Nc3 Qb4 12. Qd2 O-O 13. O-O-O Qa3+ 14.
Kb1 d6 15. Nd5 Bf5 16. Nf6+ Kh8 17. Qh6 Bxc2+ 18. Ka1 g5 19. Bd3 Bxd3 20. Rxd3 1-0

[Event "Late-Titled-Tuesday-Blitz-September-26-2023"]
[Site "Chess.com"]
[Date "2023.09.26"]
[Round "10"]
[White "cristiano78"]
[Black "Kostukov_Alex"]
[Result "0-1"]
[WhiteElo "2250"]
[BlackElo "2396"]
[TimeControl "180+1"]
[EndTime "15:47:11 PDT"]
[Termination "Kostukov_Alex won by resignation"]

1. d4 g6 2. c4 Bg7 3. Nf3 d6 4.
Nc3 e5 5. dxe5 dxe5 6. Qxd8+ Kxd8 7. Bg5+ f6 8. O-O-O+ Nd7 9. Bh4 Ne7 10. e4 h5 11. Nd5 Nxd5 12. Rxd5 c6 13. Rd3 g5 14. Nxe5 fxe5 15. Bxg5+ Kc7 16. f4 Bh6 17. h4 exf4 18.
Be2 Ne5 19. Rd2 Bxg5 20. hxg5 Bg4 21. Bf1 Rad8 22. Rxd8 Rxd8 0-1

[Event "Late-Titled-Tuesday-Blitz-September-26-2023"]
[Site "Chess.com"]
[Date "2023.09.26"]
[Round "10"]
[White "gabduschew"]
[Black "victormago"]
[Result "1-0"]
[WhiteElo "2398"]
[BlackElo "2490"]
[TimeControl "180+1"]
[EndTime "15:47:42 PDT"]
[Termination "gabduschew won by resignation"]

1. c4 e5 2. Nc3 Nc6 3. e4 g6 4. g3 Bg7 5. Bg2 Nge7 6. Nge2 O-O 7. d3 d6 8. O-O f5 9. f4 fxe4 10. dxe4 Bg4 11. h3 Bxe2 12. Qxe2 Nd4 13. Qd3 Nec6 14.
Nd5 exf4 15. gxf4 Qd7 16. Be3 Rae8 17. Rad1 a5 18. Rd2 Ne6 19. b3 Ne7 20. f5 gxf5 21.
exf5 Nd8 22. f6 1-0

[Event "Late-Titled-Tuesday-Blitz-September-26-2023"]
[Site "Chess.com"]
[Date "2023.09.26"]
[Round "10"]
[White "FERNANDEZL1983"]
[Black "Chempiblinka"]
[Result "1-0"]
[WhiteElo "2538"]
[BlackElo "2315"]
[TimeControl "180+1"]
[EndTime "15:47:45 PDT"]
[Termination "FERNANDEZL1983 won by resignation"]

1. d4 Nf6 2. Bf4 g6 3. e3 Bg7 4. Nc3 O-O 5. h4 d5 6. h5 gxh5 7. Be2 Bf5 8. Bxh5 Nxh5 9. Qxh5 e6 10. Bh6 Bg6 11. Qh2 c5 12. Bxg7 Kxg7 13. Nf3 Nc6 14. Ne5 Nxe5 15. dxe5 d4 16. O-O-O Qg5 17. f4 Qf5 18. g4 Qxc2+ 19. Qxc2 Bxc2 20. Kxc2 dxc3 21. Kxc3 Rfd8 22. Kc4 b6 23. Kb5 f6 24. exf6+ Kxf6 25. Rh6+ Kg7 26. Rdh1 Rd2 27. Rxh7+ Kg8 28. Rh8+ Kg7 29.
Rxa8 1-0

[Event "Late-Titled-Tuesday-Blitz-September-26-2023"]
[Site "Chess.com"]
[Date "2023.09.26"]
[Round "10"]
[White "ValeriyGrinev"]
[Black "Willychess95"]
[Result "1-0"]
[WhiteElo "2602"]
[BlackElo "2700"]
[TimeControl "180+1"]
[EndTime "15:47:49 PDT"]
[Termination "ValeriyGrinev won by resignation"]

1. d4 Nf6 2. c4 e6 3. Nc3 Bb4 4.
e3 Bxc3+ 5. bxc3 c5 6. Bd3 Nc6 7. Ne2 d6 8. O-O b6 9. Ng3 Ba6 10. e4 Nd7 11. Qg4 g6 12. Be3 Qe7 13. f4 f5 14. Qf3 O-O-O 15. exf5 Na5 16. fxe6 Nb8 17.
d5 Bxc4 18. Bxc4 Nxc4 19. f5 gxf5 20. Nxf5 Qe8 21. Bg5 Ne5 22. Qe4 1-0

[Event "Late-Titled-Tuesday-Blitz-September-26-2023"]
[Site "Chess.com"]
[Date "2023.09.26"]
[Round "10"]
[White "Fandorine"]
[Black "Agibileg"]
[Result "1-0"]
[WhiteElo "2927"]
[BlackElo "2689"]
[TimeControl "180+1"]
[EndTime "15:47:51 PDT"]
[Termination "Fandorine won by checkmate"]

1. e4 e5 2. Ne2 Nc6 3. d4 exd4 4.
Nxd4 Nf6 5. Nxc6 bxc6 6. Nd2 d5 7. exd5 cxd5 8. Bb5+ Bd7 9. Bxd7+ Qxd7 10. O-O Be7 11. b3 O-O 12. Bb2 Rad8 13. Re1 Rfe8 14. Qf3 c5 15. Rad1 h6 16. Nc4 Ng4 17. h3 Bf6 18. hxg4 Rxe1+ 19. Rxe1 dxc4 20. Bxf6 gxf6 21. Qxf6 cxb3 22.
axb3 Qd6 23. Re8+ Kh7 24. Qxf7# 1-0

[Event "Late-Titled-Tuesday-Blitz-September-26-2023"]
[Site "Chess.com"]
[Date "2023.09.26"]
[Round "10"]
[White "ChadBiryani"]
[Black "Roedor"]
[Result "1-0"]
[WhiteElo "2508"]
[BlackElo "2384"]
[TimeControl "180+1"]
[EndTime "15:47:55 PDT"]
[Termination "ChadBiryani won by resignation"]

1. c4 Nf6 2. g3 g6 3. Nc3 Bg7 4. Bg2 O-O 5. e4 c6 6. Nge2 Na6 7. d4 Nc7 8. e5 Nfe8 9. O-O d6 10. f4 c5 11.
exd6 exd6 12. dxc5 Ne6 13. cxd6 Nxd6 14. b3 Qb6+ 15. Kh1 Nf5 16. Nd5 Qa5 17. Bd2 Qd8 18. Bc3 Re8 19. Qd2 Bxc3 20. Qxc3 Nc5 21. Nf6+ Kf8 22.
Nxh7+ Kg8 23. Nf6+ Kf8 24. Rad1 Qxd1 25. Rxd1 Rxe2 26.
Rd8+ Ke7 27. Re8+ Kd6 28. Rxe2 Be6 29. g4 Nh4 30. Qd4+ 1-0

[Event "Late-Titled-Tuesday-Blitz-September-26-2023"]
[Site "Chess.com"]
[Date "2023.09.26"]
[Round "10"]
[White "Dacean99"]
[Black "PapaieDudu"]
[Result "1-0"]
[WhiteElo "2543"]
[BlackElo "2400"]
[TimeControl "180+1"]
[EndTime "15:48:00 PDT"]
[Termination "Dacean99 won by resignation"]

1. d4 d5 2. Nf3 Nf6 3. c4 e6 4.
Nc3 a6 5. cxd5 exd5 6. Bf4 Bd6 7. e3 O-O 8. Bd3 Re8 9. O-O b5 10. Ne5 Bb7 11. Rc1 Nbd7 12. Nxd7 Qxd7 13. Bxd6 Qxd6 14.
Qf3 Ne4 15. Bxe4 dxe4 16. Qg3 Qd7 17. Ne2 Rac8 18. Rc5 Bd5 19. Rfc1 c6 20. a3 h6 21. Nf4 Bc4 22. Nh5 Kf8 23. Qxg7+ Ke7 24. Qf6+ Kf8 25. Qxh6+ Ke7 26. Qf6+ Kf8 27. Rg5 Qg4 28. Rxg4 1-0

[Event "Late-Titled-Tuesday-Blitz-September-26-2023"]
[Site "Chess.com"]
[Date "2023.09.26"]
[Round "10"]
[White "ZuraTqebuchava"]
[Black "Colombiano07"]
[Result "0-1"]
[WhiteElo "2231"]
[BlackElo "2353"]
[TimeControl "180+1"]
[EndTime "15:48:12 PDT"]
[Termination "Colombiano07 won on time"]

1. e4 c6 2. d4 d5 3. Nd2 dxe4 4. Nxe4 Bf5 5. Ng3 Bg6 6. Bd3 Nf6 7. Bxg6 hxg6 8. Nf3 Nbd7 9. Be3 e6 10. Bg5 Qa5+ 11. Qd2 Bb4 12. c3 Bd6 13. Bxf6 gxf6 14. Ne4 Be7 15. O-O Qh5 16. Ng3 Qh7 17. c4 g5 18.
d5 cxd5 19. cxd5 g4 20. dxe6 fxe6 21. Rfd1 O-O-O 22. Nd4 Qxh2+ 23. Kf1 Nc5 24. b4 e5 25.
bxc5 Rxd4 26. Qe2 Qh1+ 0-1

[Event "Late-Titled-Tuesday-Blitz-September-26-2023"]
[Site "Chess.com"]
[Date "2023.09.26"]
[Round "10"]
[White "Javylavilla"]
[Black "MaxLeto"]
[Result "0-1"]
[WhiteElo "2342"]
[BlackElo "2503"]
[TimeControl "180+1"]
[EndTime "15:48:13 PDT"]
[Termination "MaxLeto won by resignation"]

1. e4 d5 2. exd5 Qxd5 3. Nc3 Qa5 4. d4 Nf6 5. Nf3 Bg4 6. h3 Bxf3 7. Qxf3 Nc6 8. d5 Nb4 9. Bb5+ Kd8 10. Ba4 Nbxd5 11. O-O Nxc3 12. bxc3 Qxa4 13. Qxb7 Rc8 14. Rd1+ Nd7 15.
Bg5 f6 16. Be3 e5 17. Rab1 Bd6 18. Bxa7 Ke7 19. c4 Qxc4 20. Rb3 Qxc2 21. Rbd3 Qxa2 22. Be3 Rb8 23. Qe4 Rb4 24. Qf5 g6 25. Qf3 e4 0-1

[Event "Late-Titled-Tuesday-Blitz-September-26-2023"]
[Site "Chess.com"]
[Date "2023.09.26"]
[Round "10"]
[White "JG-17"]
[Black "Byniolus"]
[Result "0-1"]
[WhiteElo "2521"]
[BlackElo "2760"]
[TimeControl "180+1"]
[EndTime "15:48:19 PDT"]
[Termination "Byniolus won by checkmate"]

1. e4 d6 2. Nc3 Nf6 3. g3 Bg4 4.
f3 Bh5 5. Nh3 e5 6. Bg2 Be7 7. O-O c6 8. d3 O-O 9. Qe1 d5 10. f4 dxe4 11. fxe5 Qd4+ 12. Kh1 Qxe5 13. Nxe4 Nbd7 14. Bf4 Qxb2 15. Rb1 Qxc2 16. Rxb7 Rfe8 17.
Qa5 Be2 18. Rf2 Qxd3 19. Ng1 Nxe4 20. Rxe2 Ndc5 21. Re3 Nf2# 0-1

[Event "Late-Titled-Tuesday-Blitz-September-26-2023"]
[Site "Chess.com"]
[Date "2023.09.26"]
[Round "10"]
[White "MajorCoast"]
[Black "AEMEffi"]
[Result "0-1"]
[WhiteElo "2276"]
[BlackElo "2377"]
[TimeControl "180+1"]
[EndTime "15:48:37 PDT"]
[Termination "AEMEffi won by resignation"]

1. d4 d5 2. Nf3 Nf6 3. e3 c6 4. c4 a6 5. cxd5 cxd5 6. Nc3 Nc6 7. Bd3 g6 8. O-O Bg7 9. Qb3 O-O 10. a4 Na5 11. Qa2 Be6 12. Ng5 Bd7 13. b4 Nc6 14. Nxd5 Nxd5 15. Qxd5 Nxb4 16. Qb3 Nxd3 17. Qxd3 b5 18. Bd2 bxa4 19. Ne4 Bb5 20. Qa3 Bxf1 21. Kxf1 e5 22. Bc3 Qd5 23. f3 exd4 24. Bxd4 Bxd4 25. exd4 Qxd4 26. Rb1 Rab8 27. Re1 Kg7 28. Ng5 Rb2 29. Ne6+ fxe6 30. Qe7+ Rf7 0-1